Map: King's Cove LE

Players

TiPtOP - Winner!

  • Race: Terran Terran
  • Spawn Location: 11:00

VOD

Have the link to the VOD?

Description

Time

  • Played on: Aug. 12, 2019, 9:34 a.m.
  • Length: 22:23
Show
View Real Time Build Order
Export as new Build Order

TiPtOP Terran - Winner!

Build Orders:  

Get SALT Encoding   

  12  0:01  SCV  
  13  0:19  SCV  
  14  0:27  Supply Depot  
  14  0:36  SCV  
  15  0:59  Refinery  
  15  1:00  SCV  
  16  1:11  Barracks  
  16  1:17  SCV  
  17  1:34  SCV  
  18  1:52  SCV  
  18  1:58  Barracks  
  19  2:09  SCV  
  20  2:28  SCV  
  20  2:29  Barracks Reactor  
  21  2:41  Supply Depot  
  21  2:46  SCV  
  22  3:05  Command Center  
  22  3:19  Barracks Tech Lab  
  22  3:28  SCV  
  22  3:29  Marine x2  
  25  3:46  Barracks  
  25  3:48  Marauder  
  27  4:03  Marine x2  
  29  4:19  Supply Depot  
  29  4:22  Orbital Command  
  29  4:59  Marine x2  
  31  5:00  Marauder  
  31  5:08  Barracks Reactor  
  33  5:19  Refinery  
  33  5:24  Marine  
  33  5:28  Marine  
  35  5:30  Marine  
  35  5:33  Stimpack  
  36  5:43  Orbital Command  
  36  5:47  SCV  
  37  5:55  Marauder  
  39  6:04  SCV  
  39  6:09  Factory  
  40  6:17  Marine x2  
  40  6:18  Marine x2  
  44  6:21  SCV  
  45  6:35  Marauder, Supply Depot  
  47  6:44  Marine x2  
  47  6:45  Marine  
  47  6:48  Marine  
  51  7:10  Factory Reactor  
  51  7:19  SCV  
  52  7:20  Starport  
  52  7:33  Marine x4  
  52  7:36  SCV  
  57  7:48  SCV  
  58  8:01  SCV  
  59  8:39  Supply Depot  
  59  8:40  Supply Depot  
  59  8:49  Marine x3, Factory Tech Lab  
  62  9:09  Marine, Marauder, Medivac x2  
  69  9:11  Engineering Bay  
  69  9:19  Siege Tank  
  64  9:48  Marine x2  
  64  9:49  Marine, Marauder  
  69  9:59  Unknown  
  69  10:03  Siege Tank  
  69  10:06  Medivac x2  
  69  10:08  Marine  
  77  10:13  Marine  
  78  10:39  Marine  
  78  11:08  Supply Depot  
  78  11:16  Supply Depot  
  78  11:28  Terran Infantry Weapons Level 1  
  78  11:38  Marine x4, Marauder  
  84  11:41  Supply Depot  
  84  11:48  Supply Depot  
  84  11:49  Concussive Shells  
  84  11:55  Siege Tank  
  87  12:03  Marine x2  
  87  12:08  Marauder  
  91  12:12  Supply Depot  
  91  12:24  Refinery  
  91  12:28  Refinery  
  91  12:38  Marauder  
  93  13:08  Siege Tank x2, Marine x3, Marauder  
  93  13:09  Siege Tank, Marine  
  99  13:11  Siege Tank  
  102  13:33  Marine x2, Supply Depot  
  102  13:38  Marauder  
  106  13:56  Siege Tank  
  109  14:05  Supply Depot  
  109  14:08  Marauder  
  111  14:22  Marine x2  
  111  14:23  Marine x2  
  118  14:38  Marauder  
  120  14:40  Supply Depot  
  120  14:41  Siege Tank, SCV x2  
  125  14:58  SCV x2  
  125  14:59  Marine x4  
  131  15:08  Marauder  
  131  15:12  Supply Depot  
  131  15:13  Siege Tank x3, Medivac  
  131  15:14  Siege Tank  
  125  15:23  Siege Tank  
  125  15:26  Siege Tank  
  125  15:28  Unknown, Medivac  
  124  15:38  Marauder  
  122  15:43  Supply Depot  
  115  16:08  Marauder  
  117  16:11  Siege Tank  
  117  16:14  Siege Tank, Supply Depot  
  120  16:38  Marauder  
  122  16:55  Terran Infantry Armor Level 1  
  122  17:06  Marine x4  
  122  17:08  Marauder  
  128  17:18  Siege Tank x4  
  128  17:38  Marauder  
  130  17:44  Siege Tank  
  130  17:46  Siege Tank  
  130  18:00  Siege Tank x2  
  130  18:08  Marauder  
  131  18:49  Siege Tank  
  131  19:08  Siege Tank x2  
  131  19:09  Siege Tank x2  
  131  19:15  Marine x2  
  131  19:16  Marine x2, Marauder  
  131  19:17  Siege Tank  
  140  19:27  Siege Tank x2, Armory  
  140  19:29  Armory  
  140  19:46  Marauder  
  142  19:55  Siege Tank  
  142  19:57  Siege Tank  
  142  19:59  Siege Tank  
  142  20:02  Siege Tank x2  
  142  20:08  Siege Tank  
  145  20:10  Siege Tank  
  145  20:15  Siege Tank  
  145  20:16  Marauder  
  146  20:50  Siege Tank  
  146  20:53  Siege Tank  
  146  20:55  Siege Tank  
  146  21:01  Siege Tank  
  146  21:06  Siege Tank  
  146  21:25  Siege Tank  
  146  21:28  Siege Tank  
  143  21:54  Marine x4  
  143  21:55  Marine  
Tags
 
Add a new tag
Caveats
  • Supply blocks, unpowered buildings, or Contaminate may cause inaccurate times.
  • Supply counts are checked every 10 seconds.